 Dungeon Crawl Stone Soup version 0.19.4 (webtiles) character file.

178592 pib the Bludgeoner (level 17, -5/154 HPs)
             Began as a Minotaur Fighter on Jan 31, 2017.
             Was the Champion of Zin.
             Slain by an Executioner (18 damage)
             ... summoned by a deep elf demonologist
             ... on level 1 of the Elven Halls on Feb 1, 2017.
             The game lasted 01:58:32 (32804 turns).

pib the Bludgeoner (Minotaur Fighter)              Turns: 32804, Time: 01:58:32

Health: -5/154     AC: 21    Str: 28    XL:     17   Next: 28%
Magic:  22/25      EV: 14    Int:  5    God:    Zin [******]
Gold:   1515       SH: 20    Dex: 14    Spells: 2 memorised, 17 levels left

rFire  + . .     SeeInvis .     x - +8 whip "Snakebite" {curare, rPois}
rCold  . . .     Gourm    .     T - +1 chain mail {rF+}
rNeg   . . .     Faith    .     W - +0 shield {reflect}
rPois  +         Spirit   .     V - +0 hat "Vankiq" {rPois Str+4}
rElec  .         Reflect  +     g - +2 cloak {rPois}
rCorr  .         Harm     .     Q - +2 pair of gloves
MR     +++..                    (no boots)
Stlth  ..........               O - +5 amulet of reflection
                                a - ring of protection from magic
                                e - ring of protection from magic

@: drained
A: retaliatory headbutt, horns 2
a: Recite, Vitalisation, Imprison, Sanctuary, Donate Gold, Cure All Mutations,
Renounce Religion
}: 1/15 runes: barnacled


You were on level 1 of the Elven Halls.
You worshipped Zin.
Zin was exalted by your worship.
You were not hungry.

You visited 6 branches of the dungeon, and saw 28 of its levels.
You also visited: Labyrinth.

You collected 3029 gold pieces.
You spent 1320 gold pieces at shops.
You donated 194 gold pieces to Zin.

Inventory:

Hand Weapons
 n - a +0 fustibalus
 x - the +8 whip "Snakebite" (weapon) {curare, rPois}
   (You found it on level 4 of the Dungeon)

   It poisons the flesh of those it strikes.
   It protects you from poison.
Missiles
 C - 3 throwing nets (quivered)
 D - 10 steel tomahawks
Armour
 c - a +2 shield
 g - a +2 cloak of poison resistance (worn)
 Q - a +2 pair of gloves (worn)
 T - a +1 chain mail of fire resistance (worn)
 V - the +0 hat "Vankiq" (worn) {rPois Str+4}
   (You bought it in a shop on level 11 of the Dungeon)

   It affects your strength (+4).
   It protects you from poison.
 W - a +0 shield of reflection (worn)
Jewellery
 a - a ring of protection from magic (right hand)
 e - a ring of protection from magic (left hand)
 t - a +2 ring of slaying
 E - an uncursed ring of flight
 J - an uncursed ring of fire
 L - an uncursed ring of resist corrosion
 O - a +5 amulet of reflection (around neck)
Wands
 k - a wand of heal wounds (0/9)
 H - a wand of iceblast (2/15)
 M - a wand of disintegration (5/24)
 X - a wand of acid (2/15)
Scrolls
 j - 10 scrolls of teleportation
 l - 5 scrolls of fear
 o - 2 scrolls of blinking
 p - 3 scrolls of enchant armour
 s - 7 scrolls of remove curse
 v - 3 scrolls of fog
 y - 4 scrolls of magic mapping
 B - 8 scrolls of identify
 F - a scroll of enchant weapon
Potions
 b - 2 potions of flight
 h - a potion of berserk rage {unknown}
 i - 10 potions of curing
 q - a potion of beneficial mutation {unknown}
 u - a potion of cure mutation {unknown}
 A - 2 potions of haste
 I - 2 potions of magic
 R - a potion of might
 U - a potion of ambrosia
 Y - a potion of lignification {unknown}
 Z - 2 potions of agility
Books
 d - a book of Air

   Spells                             Type                      Level
   a - Shock                          Conjuration/Air              1
   b - Swiftness                      Charms/Air                   2
   c - Repel Missiles                 Charms/Air                   2
   d - Static Discharge               Conjuration/Air              3
   e - Lightning Bolt                 Conjuration/Air              5
 P - a book of Minor Magic

   Spells                             Type                      Level
   a - Magic Dart                     Conjuration                  1
   b - Blink                          Translocation                2
   c - Call Imp                       Summoning                    2
   d - Repel Missiles                 Charms/Air                   2
   e - Slow                           Hexes                        2
   f - Conjure Flame                  Conjuration/Fire             3
   g - Mephitic Cloud                 Conjuration/Poison/Air       3
Miscellaneous
 r - 2 phantom mirrors
 N - a phial of floods
Comestibles
 f - 7 bread rations
 m - 10 meat rations
 z - 4 slices of pizza
 K - 57 fruits
 S - 24 beef jerkies


   Skills:
 + Level 14.9(14.7) Fighting
 + Level 19.0(18.8) Maces & Flails
 + Level 15.0(14.8) Armour
 + Level 8.6(8.4) Dodging
 - Level 15.0(14.8) Shields
 - Level 2.5(2.4) Spellcasting
 - Level 2.7(2.5) Charms
 - Level 2.7(2.6) Translocations
 - Level 12.0(11.8) Invocations
 - Level 9.1(8.9) Evocations


You had 17 spell levels left.
You knew the following spells:

 Your Spells              Type           Power        Failure   Level  Hunger
a - Repel Missiles        Chrm/Air       #.....       98%         2    ###....
b - Blink                 Tloc           N/A          82%         2    ###....


Dungeon Overview and Level Annotations

Branches:
Dungeon (14/15)            Temple (1/1) D:7            Lair (6/6) D:11
 Shoals (4/4) Lair:2       Spider (0/4) Lair:4          Orc (2/2) D:12
    Elf (1/3) Orc:2
  Slime: Lair:5-6    Vaults: D:13-14

Altars:
Ashenzari
Cheibriados
Dithmenos
Elyvilon
Fedhas
Gozag
Hepliaklqana
Kikubaaqudgha
Makhleb
Nemelex Xobeh
Okawaru
Qazlal
Ru
Sif Muna
Trog
Uskayaw
Vehumet
Xom
Yredelemnul
Zin
The Shining One
Beogh

Shops:
D:7 ?   D:11 [   Orc:1 *   Orc:2 =*(*   Elf:1 !

Portals:
Wizlab: Elf:1

Annotations:
D:2 Ijyb
D:10 Nergalle
Lair:1 exclusion: 2 oklob plants
Lair:4 exclusion: oklob plant
Shoals:2 1 runed door


Innate Abilities, Weirdness & Mutations

You reflexively headbutt those who attack you in melee.
You have a pair of horns on your head.


Message History

* * * LOW HITPOINT WARNING * * *
The Executioner hits you.
* * * LOW HITPOINT WARNING * * *
The Executioner hits you but does no damage.
The Executioner hits you!
* * * LOW HITPOINT WARNING * * *
The Executioner barely misses you. You block the Executioner's attack.
You block the Executioner's attack. x2; The Executioner hits you.
* * * LOW HITPOINT WARNING * * *
The Executioner hits you but does no damage. x2
You block the Executioner's attack.
You see here an arrow.
You block the Executioner's attack. The Executioner barely misses you.
The Executioner hits you but does no damage.
You block the Executioner's attack. The Executioner barely misses you.
The Executioner hits you but does no damage.
There is a large open door here.
You see here an arrow.
The Executioner hits you!!
You die...

#.(..)......#...^.(..^..
+..)..>)................
#.................(.(...
##......).....e..###....
##.........e.1..#11e?..
##........#...≈###≈...
##.).(1.###.≈1≈≈≈≈≈..
##'1#### #≈≈#####≈≈e
#.@# #≈≈##...##≈≈
########..#
#≈≈##..∩..##≈
..........# ##≈ ##...##
≈ ..........# ## ##+## .
########..# . #.)# #..#
######''####
#..........##


You could see an Executioner.

Vanquished Creatures
  Rupert (D:12)
  A kraken (Shoals:4)
  Gastronok (Lair:3)
  Donald (Shoals:1)
  Ilsuiw (Shoals:4)
  Aizul (Shoals:1)
  A minotaur (Lab)
  Snorg (D:12)
  6 merfolk javelineers
  12 merfolk impalers
  A fire dragon (Lair:6)
  Erolcha (Orc:1)
  4 hydras
  2 merfolk aquamancers (Shoals:4)
  A merfolk avatar (Shoals:4)
  A catoblepas (Lair:6)
  A dancing weapon (Elf:1)
  Erica (Orc:1)
  12 death yaks
  3 satyrs
  An alligator snapping turtle (Shoals:4)
  The ghost of Stiffzip the Markscentaur, a novice CeHu (D:8)
  Sonja (Lair:1)
  14 sea snakes
  4 unseen horrors
  A kraken simulacrum (Shoals:4)
  22 harpies
  3 orc knights
  2 deep elf archers (Elf:1)
  2 orc sorcerers
  4 deep elf magi
  4 ugly things
  2 hill giants (D:12)
  13 manticores
  4 cyclopes
  13 fauns
  14 elephants
  15 sirens
  Psyche (D:12)
  8 water nymphs
  9 black mambas
  21 spiny frogs
  2 rime drakes (Lair:6)
  8 komodo dragons
  10 trolls
  3 meliai (D:13)
  A hornet (D:10)
  9 polar bears
  45 merfolk
  2 slime creatures (D:12)
  4 raiju (Lair:6)
  30 blink frogs
  5 wind drakes
  A two-headed ogre (Orc:2)
  14 hippogriffs
  9 dream sheep
  Sigmund (D:6)
  18 snapping turtles
  11 water elementals
  A wraith (D:12)
  A redback (Lab)
  A tarantella (shapeshifter) (D:12)
  42 yaks
  2 basilisks
  2 steam dragons
  A hungry ghost (D:8)
  A soldier ant (D:13)
  6 wargs
  2 mottled dragons (Lair:6)
  13 water moccasins
  8 hell hounds
  2 ice beasts
  6 porcupines
  15 black bears
  4 swamp drakes (Lair:6)
  3 sky beasts
  A necrophage (D:8)
  2 phantoms
  14 ogres
  37 orc warriors
  An eye of draining (D:12)
  21 wolves
  15 centaurs
  14 crocodiles
  A big kobold (D:9)
  16 bullfrogs
  A wyvern zombie (D:9)
  2 gnoll sergeants
  A water moccasin skeleton (D:6)
  A scorpion (D:8)
  7 killer bees
  A troll skeleton (Lab)
  4 wights (D:7)
  4 electric eels (D:11)
  7 crimson imps
  A lava snake (Lair:5)
  3 bullfrog zombies
  20 hounds
  2 jellies
  14 orc priests
  2 bullfrog skeletons
  2 gnoll shamans (D:5)
  14 orc wizards
  2 centaur skeletons
  4 iguanas
  11 worker ants
  An ogre skeleton (Lab)
  A hound zombie (D:7)
  2 hound skeletons
  A worker ant zombie (D:2)
  46 gnolls
  11 adders
  5 shadow imps
  An ooze (D:7)
  3 adder skeletons
  An adder zombie (D:6)
  3 worms
  2 dart slugs
  5 leopard geckos
  80 orcs
  3 bats
  2 bat skeletons (D:2)
  5 goblins
  5 hobgoblins
  30 jackals
  7 quokkas
  2 ball pythons
  2 frilled lizards
  A jackal skeleton (D:4)
  3 kobolds
  A quokka zombie (D:5)
  12 rats
  A butterfly (Lair:3)
  A fire vortex (Lair:5)
  2 plants
  A tentacle (Shoals:4)
960 creatures vanquished.

Vanquished Creatures (others)
  A merfolk javelineer (Shoals:3)
  A satyr (Shoals:4)
  A merfolk (Shoals:4)
  2 bushes
  A fire vortex (Lair:5)
  17 fungi
  55 plants
  9 tentacles (Shoals:4)
87 creatures vanquished.

Grand Total: 1047 creatures vanquished

Notes
Turn   | Place    | Note
-------+----------+-------------------------------------------
     0 | D:1      | pib the Minotaur Fighter began the quest for the Orb.
     0 | D:1      | Reached XP level 1. HP: 19/19 MP: 0/0
   494 | D:1      | Reached XP level 2. HP: 27/27 MP: 1/1
   871 | D:2      | Noticed Ijyb
   998 | D:2      | Reached skill level 3 in Maces & Flails
  1007 | D:2      | Reached XP level 3. HP: 14/33 MP: 2/2
  1497 | D:2      | Reached XP level 4. HP: 40/40 MP: 3/3
  2067 | D:3      | Reached XP level 5. HP: 47/47 MP: 4/4
  2519 | D:4      | Reached skill level 4 in Maces & Flails
  2904 | D:4      | Reached skill level 5 in Fighting
  2904 | D:4      | Reached skill level 5 in Armour
  3157 | D:4      | Reached skill level 5 in Shields
  3167 | D:4      | Reached XP level 6. HP: 56/56 MP: 5/5
  3427 | D:5      | Entered Level 5 of the Dungeon
  3792 | D:5      | Reached skill level 5 in Maces & Flails
  3960 | D:5      | Reached XP level 7. HP: 59/62 MP: 6/6
  4397 | D:5      | Found a white marble altar of Elyvilon.
  4629 | D:6      | Reached XP level 8. HP: 71/71 MP: 7/7
  4669 | D:6      | Reached skill level 6 in Maces & Flails
  4752 | D:6      | Noticed Sigmund
  4764 | D:6      | Killed Sigmund
  4815 | D:6      | Found a white marble altar of Elyvilon.
  5061 | D:6      | Found a sacrificial altar of Ru.
  5098 | D:6      | Found a hazy altar of Hepliaklqana.
  5099 | D:6      | Found a hide-covered altar of Uskayaw.
  5439 | D:7      | Found Jinnemau's Magic Scroll Emporium.
  5442 | D:7      | Bought a scroll of enchant armour for 90 gold pieces
  5442 | D:7      | Bought a scroll of identify for 24 gold pieces
  5442 | D:7      | Bought a scroll of enchant weapon for 90 gold pieces
  5442 | D:7      | Bought a scroll of identify for 24 gold pieces
  5442 | D:7      | Bought 2 scrolls of identify for 48 gold pieces
  5442 | D:7      | Bought a scroll of teleportation for 36 gold pieces
  5454 | D:7      | Reached skill level 7 in Maces & Flails
  5541 | D:7      | Found a deep blue altar of Sif Muna.
  5573 | D:7      | Found a staircase to the Ecumenical Temple.
  5582 | Temple   | Entered the Ecumenical Temple
  5616 | Temple   | Became a worshipper of the Shining One
  5617 | Temple   | Fell from the grace of the Shining One
  5798 | Temple   | Became a worshipper of Zin the Law-Giver
  5873 | D:7      | Reached XP level 9. HP: 80/80 MP: 8/8
  5889 | D:7      | Reached * piety under Zin
  6470 | D:8      | Reached skill level 8 in Maces & Flails
  6740 | D:8      | Noticed Stiffzip's ghost (novice CeHu)
  6759 | D:8      | Killed Stiffzip's ghost
  6822 | D:8      | Reached skill level 9 in Maces & Flails
  7074 | D:8      | Reached XP level 10. HP: 84/90 MP: 9/9
  7263 | D:9      | Reached ** piety under Zin
  7671 | D:9      | Killed an unseen horror
  7671 | D:9      | Reached skill level 10 in Armour
  7671 | D:9      | Reached skill level 10 in Shields
  7899 | D:10     | Entered Level 10 of the Dungeon
  7905 | D:10     | Reached skill level 10 in Fighting
  8231 | D:10     | Reached *** piety under Zin
  8264 | D:10     | Reached skill level 10 in Maces & Flails
  8551 | D:10     | Noticed Nergalle
  8572 | D:11     | Reached **** piety under Zin
  8587 | D:11     | Found Hyicsid's Antique Armour Boutique.
  8598 | D:11     | Bought an ichor-stained hat for 270 gold pieces
  8603 | D:11     | Identified the +0 hat "Vankiq" {rPois Str+4} (You bought it in a shop on level 11 of the Dungeon)
  8629 | D:11     | Noticed a purple ugly thing
  8637 | D:11     | Killed a purple ugly thing
  8637 | D:11     | Reached skill level 1 in Invocations
  8637 | D:11     | Reached XP level 11. HP: 77/100 MP: 10/10
  8886 | D:11     | Killed an unseen horror
  9226 | D:11     | Noticed a brown ugly thing
  9237 | D:11     | Killed a brown ugly thing
  9580 | D:11     | Found a staircase to the Lair.
  9800 | Lair:1   | Entered Level 1 of the Lair of Beasts
  9810 | Lair:1   | Noticed Sonja
  9907 | Lair:1   | Noticed an oklob plant
  9907 | Lair:1   | Noticed an oklob plant
 10241 | Lair:2   | Noticed an eight-headed hydra
 10247 | Lair:2   | Killed an eight-headed hydra
 10434 | Lair:2   | Found a staircase to the Shoals.
 10665 | Lair:2   | Reached skill level 11 in Maces & Flails
 10671 | Lair:2   | Reached skill level 5 in Invocations
 11011 | Lair:2   | Reached XP level 12. HP: 78/110 MP: 15/15
 11390 | Lair:3   | Noticed Gastronok
 11416 | Lair:3   | Killed Gastronok
 11470 | Lair:3   | Learned a level 2 spell: Repel Missiles
 11703 | Lair:3   | Reached ***** piety under Zin
 12490 | Lair:4   | Learned a level 2 spell: Blink
 12542 | Lair:4   | Noticed a death yak
 12543 | Lair:4   | Noticed a death yak
 12558 | Lair:4   | Killed a death yak
 12560 | Lair:4   | Noticed a death yak
 12560 | Lair:4   | Noticed a death yak
 12560 | Lair:4   | Noticed a death yak
 12560 | Lair:4   | Noticed a death yak
 12570 | Lair:4   | Killed a death yak
 12578 | Lair:4   | Killed a death yak
 12578 | Lair:4   | Reached skill level 12 in Maces & Flails
 12588 | Lair:4   | Killed a death yak
 12596 | Lair:4   | Killed a death yak
 12604 | Lair:4   | Killed a death yak
 12604 | Lair:4   | Reached XP level 13. HP: 34/118 MP: 18/18
 13371 | Lair:4   | Found a hole to the Spider Nest.
 14420 | Lair:5   | Reached skill level 10 in Invocations
 15073 | Lair:5   | Reached skill level 13 in Maces & Flails
 15217 | Lair:6   | Entered Level 6 of the Lair of Beasts
 15226 | Lair:6   | Reached XP level 14. HP: 109/128 MP: 20/20
 17408 | Lair:6   | Identified a scroll of acquirement
 18036 | Lair:1   | Killed Sonja
 18335 | D:12     | Found a sacrificial altar of Ru.
 18355 | D:12     | Reached skill level 14 in Maces & Flails
 18494 | D:12     | Reached skill level 1 in Spellcasting
 18545 | D:12     | Reached skill level 1 in Charms
 18672 | D:12     | Reached ****** piety under Zin
 18685 | D:12     | Reached skill level 1 in Translocations
 18973 | D:12     | Found a staircase to the Orcish Mines.
 19014 | D:12     | Found a roughly hewn altar of Beogh.
 19041 | Orc:1    | Entered Level 1 of the Orcish Mines
 19171 | Orc:1    | Found a burning altar of Makhleb.
 19261 | Orc:1    | Found Fov Ettemm's Assorted Antiques.
 19453 | Orc:1    | Noticed Erica
 19459 | Orc:1    | Killed Erica
 19703 | Orc:1    | Noticed Erolcha
 19709 | Orc:1    | Killed Erolcha
 19709 | Orc:1    | Reached XP level 15. HP: 133/137 MP: 23/23
 19753 | Orc:2    | Entered Level 2 of the Orcish Mines
 21403 | Orc:2    | Found a staircase to the Elven Halls.
 21603 | Orc:2    | Found Gikkez's Weapon Boutique.
 21603 | Orc:2    | Found Vywaq Imunni's Assorted Antiques.
 21605 | Orc:2    | Found Wudu's Jewellery Emporium.
 21607 | Orc:2    | Found Jacont's General Store.
 21612 | Orc:2    | Bought a scroll of teleportation for 108 gold pieces
 21620 | Orc:2    | Bought a +5 amulet of reflection for 375 gold pieces
 21931 | D:12     | Noticed Rupert
 21944 | D:12     | Killed Rupert
 22068 | D:12     | Noticed Psyche
 22073 | D:12     | Killed Psyche
 22132 | D:12     | Noticed Snorg
 22139 | D:12     | Killed Snorg
 22447 | D:13     | Found a labyrinth entrance.
 22456 | Lab      | Entered a labyrinth
 22844 | D:13     | Reached skill level 15 in Shields
 23450 | D:11     | Reached skill level 1 in Dodging
 23554 | Shoals:1 | Entered Level 1 of the Shoals
 23631 | Shoals:1 | Noticed Aizul
 23662 | Shoals:1 | Killed Aizul
 24373 | Shoals:1 | Noticed Donald
 24388 | Shoals:1 | Killed Donald
 24812 | Shoals:1 | Reached skill level 1 in Evocations
 24934 | Shoals:2 | Reached skill level 5 in Dodging
 25338 | Shoals:2 | Found a runed door.
 26401 | Shoals:3 | Reached XP level 16. HP: 147/147 MP: 24/24
 26720 | Shoals:3 | Reached skill level 5 in Evocations
 27042 | Shoals:2 | Reached skill level 15 in Maces & Flails
 27703 | Shoals:4 | Entered Level 4 of the Shoals
 27704 | Shoals:4 | Noticed a kraken
 27792 | Shoals:4 | Reached skill level 16 in Maces & Flails
 27842 | Shoals:4 | Got a pitted rapier
 27843 | Shoals:4 | Identified the +6 rapier of Joyful Slaughter {freeze, rPois} (You found it on level 4 of the Shoals)
 28173 | Shoals:4 | Noticed Ilsuiw
 28609 | Shoals:4 | Reached skill level 17 in Maces & Flails
 28847 | Shoals:4 | Killed a kraken
 29137 | Shoals:4 | Reached skill level 18 in Maces & Flails
 30589 | Shoals:3 | Reached XP level 17. HP: 154/154 MP: 25/25
 30630 | Shoals:4 | Killed Ilsuiw
 32192 | Shoals:4 | Got a barnacled rune of Zot
 32645 | Elf:1    | Entered Level 1 of the Elven Halls
 32650 | Elf:1    | Found Hioqih's Distillery.
 32657 | Elf:1    | Bought a potion of heal wounds for 85 gold pieces
 32657 | Elf:1    | Bought a potion of agility for 68 gold pieces
 32657 | Elf:1    | Bought a potion of curing for 51 gold pieces
 32657 | Elf:1    | Bought a potion of curing for 51 gold pieces
 32703 | Elf:1    | Reached skill level 19 in Maces & Flails
 32717 | Elf:1    | Found a magical portal.
 32737 | Elf:1    | Reached skill level 15 in Armour
 32784 | Elf:1    | Noticed a Brimstone Fiend
 32785 | Elf:1    | Noticed a Brimstone Fiend
 32804 | Elf:1    | Slain by an Executioner

Skill      XL: |  1  2  3  4  5  6  7  8  9 10 11 12 13 14 15 16 17 |
---------------+----------------------------------------------------+-----
Maces & Flails | 3 4 5 7 9 10 11 12 13 14 18 19 | 19.0
Shields        | 4 5 6 8 9 10 11 12 13 14 15 | 15.0
Armour         | 4 5 6 8 9 10 11 12 13 14 15 | 15.0
Fighting       | 4 5 6 7 9 10 11 12 13 14 | 14.9
Invocations    | 1 5 8 10 12 | 12.0
Spellcasting   | 1 2 |  2.5
Charms         | 1 2 |  2.7
Translocations | 1 2 |  2.7
Dodging        | 7 8 |  8.6
Evocations     | 4 9 |  9.1

Action                   |  1- 3 |  4- 6 |  7- 9 | 10-12 | 13-15 | 16-18 || total
-------------------------+-------+-------+-------+-------+-------+-------++-------
Melee: Flail             |    75 |   112 |       |       |       |       ||   187
       Headbutt          |    12 |    24 |    37 |   125 |   452 |   259 ||   909
       Whip              |       |    62 |   199 |   541 |  1616 |   915 ||  3333
Invok: Renounce Religion |       |       |     1 |       |       |       ||     1
       Vitalisation      |       |       |       |     2 |     5 |       ||     7
       Recite            |       |       |       |       |     3 |       ||     3
       Imprison          |       |       |       |       |     1 |     1 ||     2
Evoke: Wand              |       |       |       |       |     3 |     6 ||     9
  Use: Scroll            |       |     5 |     7 |       |    25 |     4 ||    41
       Potion            |       |       |     1 |       |       |     6 ||     7
 Stab: Confused          |       |       |       |       |     2 |       ||     2
  Eat: Chunk             |     2 |     8 |    11 |     9 |    21 |     1 ||    52
       Bread ration      |       |       |       |     1 |     3 |     2 ||     6
       Meat ration       |       |       |       |     1 |     2 |     2 ||     5
       Fruit             |       |       |       |       |     2 |       ||     2
Armor: Scale mail        |    52 |    53 |     5 |       |       |       ||   110
       Chain mail        |       |       |    58 |    90 |    82 |   203 ||   433
       Plate armour      |       |       |       |    34 |   467 |       ||   501
Dodge: Dodged            |    20 |    30 |    32 |    80 |   301 |   258 ||   721
Block: Shield            |    28 |    73 |    61 |   181 |   986 |   685 ||  2014
       Reflection        |       |       |       |       |    43 |    64 ||   107
